 Dungeon Crawl Stone Soup version 0.20-a0-1117-g62da73f (webtiles) character file.

348 FastMan the Chopper (level 6, -2/58 HPs)
             Began as a Deep Dwarf Fighter on May 9, 2017.
             Succumbed to a hornet's poison
             ... on level 5 of the Dungeon.
             The game lasted 00:01:52 (2398 turns).

FastMan the Chopper (Deep Dwarf Fighter)            Turns: 2398, Time: 00:01:53

Health: -2/58      AC: 14    Str: 22    XL:     6   Next: 33%
Magic:  4/4        EV:  4    Int:  8    God:
Gold:   179        SH:  9    Dex: 12    Spells: 5/5 levels left

rFire    . . .     SeeInvis .   a - +0 war axe
rCold    . . .     Gourm    .   c - +0 shield
rNeg     . . .     Faith    .   v - +0 plate armour
rPois    .         Spirit   .   p - +0 helmet
rElec    .         Reflect  .   (no cloak)
rCorr    .         Harm     +   o - +0 pair of gloves
MR       .....                  g - +0 pair of boots
Stlth    ..........             j - amulet of harm
Regen    0.0/turn               (no ring)
MPRegen  0.1/turn               (no ring)

@: lethally poisoned (-2 -> -10), non-regenerating, slowed, very slow
A: damage resistance, heal wounds, sense surroundings 1, no regeneration
a: Heal Wounds


You were on level 5 of the Dungeon.
You were not hungry.

You visited 1 branch of the dungeon, and saw 5 of its levels.

You collected 179 gold pieces.

Inventory:

Hand Weapons
 a - a +0 war axe (weapon)
Armour
 c - a +0 shield (worn)
 g - a +0 pair of boots (worn)
 o - a +0 pair of gloves (worn)
 p - a +0 helmet (worn)
 v - a +0 plate armour (worn)
Jewellery
 j - an amulet of harm (around neck)
 u - an uncursed amulet of guardian spirit {unknown}
Scrolls
 b - a scroll of blinking {unknown}
 e - 4 scrolls of identify {unknown}
 l - 2 scrolls of magic mapping {unknown}
 q - a scroll of immolation {unknown}
 s - a scroll of remove curse {unknown}
 t - a scroll of amnesia {unknown}
Potions
 d - 5 potions of might {@q4}
 h - 2 potions of brilliance {unknown}
 m - a potion of cancellation {unknown}
 n - a potion of flight {unknown}
 r - a potion of haste {unknown}
Comestibles
 f - 3 bread rations {@e1}
 i - 2 meat rations {@e2}
 k - 5 royal jellies {@e3}


   Skills:
 + Level 4.4 Fighting
 * Level 6.1 Axes
 - Level 3.2 Armour
 - Level 3.2 Shields


You had 5 spell levels left.
You didn't know any spells.

Dungeon Overview and Level Annotations

Branches:
Dungeon (5/15)
 Temple: D:4-7

Altars:
Fedhas
Ru
Trog
Xom


Innate Abilities, Weirdness & Mutations

You are resistant to damage.
You can heal yourself by infusing magical energy.
You passively map a small area around you.
You do not regenerate.


Message History

You feel as though you will be slow longer.
The hornet completely misses you.
The hornet stings you but does no damage.
You hit the hornet but do no damage.
The hornet is heavily wounded.
* * * LOW HITPOINT WARNING * * *
You feel very sick. You block the hornet's attack.
The hornet barely misses you.
The hornet stings you but does no damage.
Your shield and plate armour prevent you from hitting the hornet.
The hornet is heavily wounded.
* * * LOW HITPOINT WARNING * * *
You feel very sick. The hornet stings you.
* * * LOW HITPOINT WARNING * * *
You feel as though you will be slow longer.
The hornet barely misses you. You block the hornet's attack.
You closely miss the hornet.
The hornet is heavily wounded.
You die...

* , *#+#, , , #..## * * , #####
.... , * ....# #..## * ** ,
###.## ,,, ..., .., .....# *
#y#### #.# , * ###..# #@...#
..# , #..# #.# #..#.#,* #.# ,
#..# #.#####..#, ###.#*, * #..#
#.##...#.........# , #..#
#.##...#.#.#.###.####### #..#
#.##...#...#.......)....
#..#####.##...##..#####.#######
#........#....+.........#
#......)......##.#.#..#.#


You could see a hornet.

Vanquished Creatures
  An ogre (D:5)
  A scorpion (D:5)
  The ghost of FastMan the Shield-Bearer, a weakling DDFi (D:3)
  A centaur zombie (D:5)
  An orc wizard (D:2)
  5 adders
  An ooze (D:2)
  A worm (D:4)
  3 leopard geckos
  4 giant cockroaches
  4 goblins
  7 hobgoblins
  2 jackals (D:1)
  5 kobolds
  A ball python (D:4)
  7 bats
  3 frilled lizards
  8 rats
56 creatures vanquished.

Vanquished Creatures (others)
  A fungus (D:3)
1 creature vanquished.

Grand Total: 57 creatures vanquished

Notes
Turn   | Place    | Note
-------+----------+-------------------------------------------
     0 | D:1      | FastMan the Deep Dwarf Fighter began the quest for the Orb.
     0 | D:1      | Reached XP level 1. HP: 20/20 MP: 1/1
    71 | D:1      | Reached XP level 2. HP: 28/28 MP: 2/2
   316 | D:2      | Reached skill level 3 in Axes
   316 | D:2      | Reached XP level 3. HP: 31/34 MP: 3/3
   456 | D:2      | Found a sacrificial altar of Ru.
   647 | D:2      | Found a sacrificial altar of Ru.
   658 | D:2      | Reached skill level 4 in Axes
   658 | D:2      | Reached XP level 4. HP: 27/42 MP: 4/4
   876 | D:3      | Noticed FastMan's ghost (weakling DDFi)
   898 | D:3      | Killed FastMan's ghost
   898 | D:3      | Reached XP level 5. HP: 43/50 MP: 3/3
   943 | D:3      | Found a bloodstained altar of Trog.
  1126 | D:3      | Found a blossoming altar of Fedhas.
  1577 | D:4      | Found a shimmering altar of Xom.
  2054 | D:5      | Entered Level 5 of the Dungeon
  2146 | D:5      | Reached skill level 5 in Axes
  2299 | D:5      | Noticed an ogre
  2307 | D:5      | Killed an ogre
  2307 | D:5      | Reached skill level 6 in Axes
  2307 | D:5      | Reached XP level 6. HP: 35/58 MP: 4/4
  2378 | D:5      | Noticed a hornet
  2383 | D:5      | Paralysed by a hornet for 2 turns
  2397 | D:5      | HP: 2/58 [hornet (1)]
  2398 | D:5      | Succumbed to a hornet's poison

Vault maps used:
D:1:      scummos_arrival_checkerplants, roderic_lattice_a
D:2:      nicolae_ru_great_annihilating_truth, minmay_misc_feat_columns,
          kennysheep_flooded_box
D:3:      bloody_trog, gammafunk_temple_overflow_wave, first_bread,
          fedhas_altar_3
D:4:      lemuel_round_altar, serial_bayou, serial_bayou_pond_c,
          serial_bayou_shore_a, serial_bayou_pond_a, serial_bayou_ford_a,
          hangedman_decor_clover_reticule
D:5:      uniq_edmund, uniq_ijyb

Skill      XL: |  1  2  3  4  5 |
---------------+----------------+-----
Fighting       | 3 4 |  4.4
Axes           | 3 4 6 |  6.1
Armour         | |  3.2
Shields        | |  3.2

Action                   |  1- 3 |  4- 6 || total
-------------------------+-------+-------++-------
Melee: War axe           |    84 |   118 ||   202
 Abil: Heal Wounds       |       |     8 ||     8
  Eat: Chunk             |       |     5 ||     5
Armor: Scale mail        |    50 |    45 ||    95
       Plate armour      |       |    12 ||    12
Dodge: Dodged            |    28 |    29 ||    57
Block: Shield            |    48 |    62 ||   110
